 Dungeon Crawl Stone Soup version 0.30-a0-364-gf6b3ef1049 (webtiles) character file.

Game seed: 4562017501480132478

4393 retardedninja the Cleaver (level 10, -3/91 HPs)
             Began as a Hill Orc Fighter on Nov 15, 2022.
             Was an Initiate of Gozag.
             Slain by a vampire
             ... wielding a +0 spectral quarterstaff
              (13 damage)
             ... on level 8 of the Dungeon.
             The game lasted 00:15:26 (10426 turns).

retardedninja the Cleaver (Hill Orc Fighter)       Turns: 10426, Time: 00:15:27

Health: -3/91      AC: 18    Str: 24    XL:     10   Next: 35%
Magic:  10/10      EV:  7    Int:  8    God:    Gozag
Gold:   557        SH:  6    Dex: 16    Spells: 9/9 levels left

rFire   . . .      SeeInvis .    a - +0 war axe
rCold   . . .      Faith    .    c - +0 buckler
rNeg    . . .      Spirit   .    n - +0 plate armour
rPois   .          Reflect  .    z - +0 helmet
rElec   .          Harm     .    b - +0 cloak
rCorr   .          Rampage  .    B - +0 pair of gloves
Will    .....                    (no boots)
Stlth   ..........               (no amulet)
HPRegen 0.35/turn                y - +6 ring of dexterity
MPRegen 0.12/turn                (no ring)

@: no status effects
A: no striking features
a: Renounce Religion, Potion Petition, Call Merchant, Bribe Branch


You were on level 8 of the Dungeon.
You worshipped Gozag.
Gozag was pleased with you.
You visited 2 branches of the dungeon, and saw 9 of its levels.

You collected 667 gold pieces.
You paid 110 gold pieces to Gozag.

Inventory:

Hand Weapons
 a - a +0 war axe (weapon)
Missiles
 f - 8 boomerangs
 j - 4 silver javelins (quivered)
 t - a throwing net
Armour
 b - a +0 cloak (worn)
 c - a +0 buckler (worn)
 m - a +0 tower shield
 n - a +0 plate armour (worn)
 z - a +0 helmet (worn)
 B - a +0 pair of gloves (worn)
Jewellery
 i - a ring of protection from cold
 y - a +6 ring of dexterity (left hand)
Wands
 w - a wand of flame (14)
 x - a wand of polymorph (3)
 A - a wand of iceblast (9)
Scrolls
 e - a scroll of vulnerability
 h - 2 scrolls of teleportation
 k - a scroll of fear
 l - a scroll of magic mapping
 s - a scroll of amnesia
 v - a scroll of identify
Potions
 g - a potion of curing
 o - 3 potions of flight
 p - 6 potions of brilliance
 q - 4 potions of cancellation


   Skills:
 + Level 9.6 Fighting
 + Level 10.0 Axes
 + Level 8.8 Armour
 + Level 8.8 Shields


You had 9 spell levels left.
You didn't know any spells.
Your spell library contained the following spells:

 Spells                   Type           Power      Damage    Failure   Level
 Apportation              Tloc           0%         N/A       100%        1
 Cigotuvi's Dreadful Rot  Necr/Pois/Air  0%         N/A       100%        2
 Sublimation of Blood     Necr           0%         N/A       100%        2
 Wereblood                Tmut           0%         N/A       100%        2
 Dazzling Flash           Conj/Hex       0%         N/A       100%        3
 Gell's Gravitas          Tloc           0%         N/A       100%        3
 Ignite Poison            Fire/Tmut/Pois 0%         N/A       100%        3
 Inner Flame              Hex/Fire       0%         N/A       100%        3
 Kindle Blastsparks       Fire/Tloc/Air  0%         2d10      100%        3
 Lesser Beckoning         Tloc           0%         N/A       100%        3
 Teleport Other           Tloc           0%         N/A       100%        3
 Dispel Undead            Necr           0%         3d6       100%        4
 Flame Wave               Conj/Fire      0%         2d4       100%        4
 Fulminant Prism          Conj/Hex       0%         3d5       100%        4
 Iskenderun's Mystic Bla  Conj/Tloc      0%         2d3       100%        4
 Sticky Flame             Conj/Fire      0%         2d3       100%        4
 Alistair's Intoxication  Tmut/Pois      0%         N/A       100%        5
 Lee's Rapid Deconstruct  Erth           0%         3d4*      100%        5
 Death Channel            Necr           0%         N/A       100%        6
 Starburst                Conj/Fire      0%         6d3       100%        6
 Summon Hydra             Summ           0%         N/A       100%        7
 Ignition                 Fire           0%         3d3       100%        8


Dungeon Overview and Level Annotations

Branches:
Dungeon (8/15)             Temple (1/1) D:6
   Lair: D:8-11

Altars:
Ashenzari
Dithmenos
Elyvilon
Gozag
Hepliaklqana
Kikubaaqudgha
Nemelex Xobeh
Qazlal
Ru
Sif Muna
Uskayaw
Vehumet
Xom
Yredelemnul
The Shining One

Shops:
D:5 (


Message History

The bolt of dispelling energy misses you.
Something hits you. Something bites you but does no damage.
You closely miss something. Something hits you!
* * * LOW HITPOINT WARNING * * *
Something bites you!
* * * LOW HITPOINT WARNING * * *
Something draws strength from your injuries!
Unknown command.
You are too injured to fight recklessly!
You feel better. Something hits you.
* * * LOW HITPOINT WARNING * * *
Something bites you but does no damage.
Really quaff the potion of lignification?
You turn into a tree.
Your +0 cloak melds into your body.
Your +0 helmet melds into your body.
Your +0 pair of gloves melds into your body.
Your +0 plate armour melds into your body.
Your roots penetrate the ground.
You hear a zap.
A bolt of dispelling energy appears from out of thin air!
The bolt of dispelling energy hits you!
Your magical effects are unravelling.
* * * LOW HITPOINT WARNING * * *
You are too injured to fight recklessly!
You feel better.
You feel less wooden.
Your +0 cloak unmelds from your body.
Your +0 helmet unmelds from your body.
Your +0 pair of gloves unmelds from your body.
Your +0 plate armour unmelds from your body.
Something hits you.
* * * LOW HITPOINT WARNING * * *
Something bites you but does no damage.
You hit something but do no damage. Something hits you!
* * * LOW HITPOINT WARNING * * *
Something bites you but does no damage.
You hit something but do no damage. Something completely misses you.
You block something's attack.
You completely miss something. Something hits you!
You die...
Your body crumbles into a pile of gold.

.........##( #.
.....##..... #.#
.......[.##. #.b
.#..##..#.. #bb##
# #..##.. #b.b#
##..#... ..b##..
#..##... #{b#..#
##..#..#. #@b##..
#..##..#.
##bb#..###..#..##.
#bb##..#..##..#..
##b.#..#..#..##..
$ #bb##...##..# .#
##bb#...#..##
#b.##.##..#
##..#.#..##
#..###..#


There were no monsters in sight!

Vanquished Creatures
  Gastronok (D:8)
  A centaur warrior (D:7)
  Prince Ribbit (D:5)
  2 wraiths (D:8)
  Eustachio (D:5)
  Menkaure (D:4)
  An orc warrior (D:7)
  An ice beast (D:5)
  An ogre (D:6)
  A sky beast (D:8)
  3 black bears
  2 kobold brigands
  A phantom (D:5)
  A necrophage (D:7)
  A bullfrog (D:6)
  3 scorpions
  3 howler monkeys (D:7)
  2 hounds
  2 jellies
  2 orc priests (D:7)
  5 orc wizards
  3 iguanas
  7 adders
  12 gnolls
  A shadow imp (D:7)
  2 white imps (D:6)
  3 worms
  A dart slug (D:4)
  27 orcs
  7 ball pythons
  6 endoplasms
  2 giant cockroaches
  5 goblins
  11 hobgoblins
  7 jackals
  20 kobolds
  6 quokkas
  7 bats
  4 frilled lizards
  7 rats
174 creatures vanquished.

Notes
Turn   | Place    | Note
-------+----------+-------------------------------------------
     0 | D:1      | retardedninja the Hill Orc Fighter began the quest for the
                  | Orb.
     0 | D:1      | Reached XP level 1. HP: 19/19 MP: 1/1
   161 | D:1      | Reached XP level 2. HP: 27/27 MP: 2/2
   163 | D:1      | Reached skill level 3 in Axes
   435 | D:1      | Reached XP level 3. HP: 33/33 MP: 3/3
   969 | D:2      | Reached XP level 4. HP: 30/40 MP: 4/4
  1788 | D:3      | Found a white marble altar of Elyvilon.
  1837 | D:3      | Reached XP level 5. HP: 45/47 MP: 5/5
  1959 | D:3      | Reached skill level 4 in Axes
  2650 | D:3      | Found a faded altar of an unknown god.
  2973 | D:4      | Reached skill level 5 in Fighting
  2973 | D:4      | Reached XP level 6. HP: 42/56 MP: 6/6
  3075 | D:4      | Noticed Menkaure
  3420 | D:4      | Noticed a black bear
  3429 | D:4      | Noticed a black bear
  3472 | D:4      | Reached skill level 5 in Axes
  3518 | D:4      | Killed a black bear
  3519 | D:4      | Reached skill level 5 in Armour
  3519 | D:4      | Reached skill level 5 in Shields
  3519 | D:4      | Reached XP level 7. HP: 16/61 MP: 7/7
  3994 | D:4      | Killed Menkaure
  4562 | D:4      | Reached skill level 6 in Axes
  4716 | D:5      | Entered Level 5 of the Dungeon
  4764 | D:5      | Noticed Prince Ribbit
  4793 | D:5      | Killed Prince Ribbit
  4794 | D:5      | Reached XP level 8. HP: 41/71 MP: 8/8
  5842 | D:5      | Noticed Eustachio
  5852 | D:5      | Killed Eustachio
  5853 | D:5      | Reached skill level 7 in Axes
  6215 | D:5      | Found Xeiloed's Weapon Shop.
  6687 | D:6      | Found a staircase to the Ecumenical Temple.
  6696 | Temple   | Entered the Ecumenical Temple
  6810 | Temple   | Became a worshipper of Gozag Ym Sagoz the Greedy
  7111 | D:6      | Reached XP level 9. HP: 52/79 MP: 9/9
  8248 | D:6      | Reached skill level 8 in Axes
  9410 | D:8      | Noticed a centaur warrior
  9581 | D:8      | Noticed Gastronok
  9603 | D:7      | Killed a centaur warrior
  9604 | D:7      | Reached skill level 9 in Axes
  9987 | D:8      | HP: 2/83 [Gastronok (24)]
  9997 | D:8      | Killed Gastronok
  9998 | D:8      | Reached XP level 10. HP: 23/91 MP: 10/10
 10255 | D:8      | Reached skill level 10 in Axes
 10426 | D:8      | Slain by a vampire

Illustrated notes

Levels and vault maps discovered:
D:1:      dpeg_arrival_erosion, layout_basic, minmay_tetromino_i4
D:2:      layout_basic, kennysheep_pointless_box, eino_tiny_chamber,
          hangedman_decor_clover_reticule
D:3:      layout_loops_corners, elyvilon_altar_5,
          hellmonk_ecumenical_altar_pennies_from_heaven
D:4:      minmay_bubble_buster, layout_basic, minmay_misc_feat_roman,
          hangedman_abyss_or_decor_passed, minmay_quadrilaterals, uniq_menkaure
D:5:      layout_basic, serial_shops, nicolae_shop_bloodbath_and_beyond,
          uniq_eustachio, uniq_prince_ribbit1
D:6:      layout_loops_ring, minmay_temple_entry_butterflies
D:7:      layout_basic, dk_vineyard_2
D:8:      minmay_tri_box, layout_loops_ring, serial_shops, shop,
          corner_web_ring, uniq_grum, uniq_maggie, uniq_gastronok
Temple:   nicolae_temple_slightly_damp_pantheon

Skill      XL: |  1  2  3  4  5  6  7  8  9 10 |
---------------+-------------------------------+-----
Axes           | 3 4 5 6 7 9 10 | 10.0
Fighting       | 4 5 6 7 9 |  9.6
Armour         | 4 5 6 8 |  8.8
Shields        | 4 5 6 8 |  8.8

Action                   |  1- 3 |  4- 6 |  7- 9 | 10-12 || total
-------------------------+-------+-------+-------+-------++-------
Melee: War axe           |    77 |   175 |   300 |    24 ||   576
Throw: Boomerang         |    15 |       |     1 |       ||    16
       Javelin           |    18 |       |    20 |       ||    38
  Use: Scroll            |       |    10 |     4 |     1 ||    15
       Potion            |       |     8 |     8 |     4 ||    20
 Stab: Distracted        |       |       |     1 |       ||     1
Armor: Scale mail        |    44 |    17 |       |       ||    61
       Chain mail        |       |   109 |    21 |       ||   130
       Plate armour      |       |       |   186 |    16 ||   202
Dodge: Dodged            |    51 |    87 |    73 |     5 ||   216
Block: Buckler           |    25 |    46 |    78 |     4 ||   153

Table legend: (Time is in decaauts)
 A = Elapsed time spent in this place.
 B = Non-inter-level travel time spent in this place.
 C = Inter-level travel time spent in this place.
 D = Time resting spent in this place.
 E = Time spent auto-exploring this place.
 F = Levels seen in this place.
 G = Mean time per level.
                   A        B        C        D        E       F      G
               +--------+--------+--------+--------+--------+-----+--------+
         Total |  10563 |  10294 |    269 |   4216 |   4496 |   9 | 1173.7 |
       Dungeon |  10429 |  10178 |    251 |   4216 |   4400 |   8 | 1303.6 |
        Temple |    133 |    115 |     18 |      0 |     96 |   1 |  133.0 |
               +--------+--------+--------+--------+--------+-----+--------+

Top non-repeatable levels by time:
     D:6: 2184 daAuts
     D:4: 1766 daAuts
     D:7: 1510 daAuts
     D:5: 1427 daAuts
     D:3: 1343 daAuts
     D:2: 889 daAuts
     D:1: 809 daAuts
     D:8: 498 daAuts
  Temple: 133 daAuts
